 Dungeon Crawl Stone Soup version 0.29-a0-541-gaf1fc19f1b (console) character file.

Game seed: 13005595221658291894

11 om the Insei (level 2, 0/18 HPs)
             Began as an Octopode Transmuter on June 2, 2022.
             Frozen to death by an endoplasm (5 damage)
             ... on level 1 of the Dungeon.
             The game lasted 00:01:45 (468 turns).

om the Insei (Octopode Transmuter)                   Turns: 468, Time: 00:01:46

Health: 0/18       AC:  1    Str:  9    XL:     2   Next: 29%
Magic:  5/5        EV: 13    Int: 21    God:
Gold:   37         SH:  0    Dex: 12    Spells: 2/5 levels left

rFire   . . .      SeeInvis .     - Unarmed
rCold   . . .      Faith    .   (no shield)
rNeg    . . .      Spirit   .   (helmet currently unavailable)
rPois   .          Reflect  .   f - amulet of the acrobat
rElec   .          Harm     .   b - +6 ring of intelligence
rCorr   .          Rampage  .   (no ring)
Will    .....                   (no ring)
Stlth   ++........              (no ring)
HPRegen 0.06/turn               (no ring)
MPRegen 0.09/turn               (no ring)
                                (no ring)
                                (no ring)

@: appendages (expiring)
A: tentacle spike 3, almost no armour, amphibious, 8 rings, camouflage 1,
gelatinous body 1, (nimble swimmer 1), tentacles
a: End Transformation


You were on level 1 of the Dungeon.
One of your tentacles had grown a beastly spike.
You visited 1 branch of the dungeon, and saw 1 of its levels.

You collected 37 gold pieces.

Inventory:

Jewellery
 b - a +6 ring of intelligence (left tentacle)
 f - an amulet of the acrobat (around mantle)
Scrolls
 d - 2 scrolls of identify {unknown}
Potions
 a - a potion of lignification
 c - a potion of curing {unknown}
 e - a potion of flight {unknown}


   Skills:
 - Level 1.0 Fighting
 + Level 2.2 Dodging
 * Level 3.2 Unarmed Combat
 + Level 2.1 Spellcasting
 + Level 2.1 Transmutations


You had 2 spell levels left.
You knew the following spells:

 Your Spells              Type           Power      Damage    Failure   Level
a - Beastly Appendage     Tmut           22%        N/A       6%          1
b - Wereblood             Tmut           11%        N/A       9%          2

Your spell library contained the following spells:

 Spells                   Type           Power      Damage    Failure   Level
 Scorch                   Fire           4%         2d5       22%         2
 Spider Form              Tmut/Pois      6%         N/A       28%         3
 Ice Form                 Ice/Tmut       6%         N/A       67%         4
 Flame Wave               Conj/Fire      2%         2d4       82%         4
 Blade Hands              Tmut           5%         N/A       86%         5


Dungeon Overview and Level Annotations

Branches:
Dungeon (1/15)

Altars:


Innate Abilities, Weirdness & Mutations

One of your tentacles has grown a beastly spike.
You cannot wear most types of armour.
You are amphibious.
You can wear up to eight rings at the same time.
Your skin changes colour to match your surroundings (Stealth+).
Your rubbery body absorbs attacks. (AC +1, EV +1)
((You are camouflaged when in or above water. (Stealth+)))
You have tentacles for arms and can constrict up to eight enemies at once.


Message History

Casting: Beastly Appendage (safe; 6% risk of failure)
Press: ? - help, Q - select action, (/) - cycle Dir - look around, f - activate One of your tentacles grows a vicious spike.
You tentacle-slap the ball python.
You kill the ball python!
No target in view!
An endoplasm and a quokka come into view.
You see here a ball python corpse.
You see here an amulet of the acrobat.
f - an amulet of the acrobat The endoplasm quivers.
You start putting on your amulet.
You continue putting on your amulet of the acrobat. x3
Your transformation is almost over.
The quokka bites you.
Keep equipping yourself? [Y]es or [N]o only, please.
Keep equipping yourself?
You continue putting on your amulet of the acrobat.
The quokka misses you. x2
You continue putting on your amulet of the acrobat.
The quokka bites you.
You finish putting on your amulet of the acrobat.
You feel ready to tumble and roll out of harm's way.
f - an amulet of the acrobat (around mantle)
You barely miss the quokka. You grab the quokka.
Your tentacle spike misses the quokka.
You constrict the quokka, but do no damage.
The quokka bites you.
You barely miss the quokka. You squeeze the quokka.
You kill the quokka!
The endoplasm freezes you.
You are frozen.
* * * LOW HITPOINT WARNING * * *
The endoplasm closely misses you.
You tentacle-slap the endoplasm.
The endoplasm is lightly wounded.
The endoplasm freezes you.
You are frozen.
You die...

...........#......###
#.#
.#.#.......#........#
#.#
.#.#.......#........
#.#
.#.#.......#........
#.### .#.##.####.#
#..... #...# .#.# ..
# #....# ###.# +#.#
.. ..#.#....######
#.# ..
........†.....# #.#
.......@...##.# #.#
.......J...##.# #.#
......#######.# #.#
...... #.# #.# .....
#.# #.# ..##+ #.# #.#
# #.# #.# #.# #.#
#.####.#


You could see an endoplasm.

Vanquished Creatures
  2 ball pythons (D:1)
  A giant cockroach (D:1)
  A hobgoblin (D:1)
  A quokka (D:1)
  2 frilled lizards (D:1)
  2 goblins (D:1)
  A kobold (D:1)
  A rat (D:1)
11 creatures vanquished.

Notes
Turn   | Place    | Note
-------+----------+-------------------------------------------
     0 | D:1      | om the Octopode Transmuter began the quest for the Orb.
     0 | D:1      | Reached XP level 1. HP: 13/13 MP: 3/3
   307 | D:1      | Got the Incunabulum of Heat and Transmigration
   317 | D:1      | Reached XP level 2. HP: 18/18 MP: 3/5
   320 | D:1      | Learned a level 2 spell: Wereblood
   468 | D:1      | Frozen to death by an endoplasm

Illustrated notes

Levels and vault maps discovered:
D:1:      sevenhm_arrival_forest_fort_small_6, layout_basic

Action                   || total
-------------------------++-------
Melee: Unarmed           ||    18
       Constrict         ||     6
       Kick              ||     4
       Tentacles         ||     2
 Cast: Beastly Appendage ||    10
 Stab: Sleeping          ||     2
Dodge: Dodged            ||    13

Table legend: (Time is in decaauts)
 A = Elapsed time spent in this place.
 B = Non-inter-level travel time spent in this place.
 C = Inter-level travel time spent in this place.
 D = Time resting spent in this place.
 E = Time spent auto-exploring this place.
 F = Levels seen in this place.
 G = Mean time per level.
                   A        B        C        D        E       F      G
               +--------+--------+--------+--------+--------+-----+--------+
         Total |    466 |    466 |      0 |    105 |    253 |   1 |  466.0 |
       Dungeon |    466 |    466 |      0 |    105 |    253 |   1 |  466.0 |
               +--------+--------+--------+--------+--------+-----+--------+

Top non-repeatable levels by time:
     D:1: 466 daAuts
